 Dungeon Crawl Stone Soup version 0.19-a0-1201-gda63bca (webtiles) character file.

2475 McCoppin the Covert (level 9, -2/59 HPs)
             Began as an Octopode Gladiator on Aug 20, 2016.
             Was a Believer of Dithmenos.
             Slain by an orc
             ... wielding a +4 trident of freezing
              (3 damage)
             ... on level 6 of the Dungeon.
             The game lasted 00:14:58 (4583 turns).

McCoppin the Covert (Octopode Gladiator)            Turns: 4583, Time: 00:14:59

Health: -2/59      AC:  1    Str: 14    XL:     9   Next: 51%
Magic:  9/9        EV: 17    Int: 11    God:    Dithmenos [**....]
Gold:   334        SH:  0    Dex: 13    Spells: 0 memorised, 8 levels left

rFire  + . .     SeeInvis +     o - +0 falchion
rCold  x . .     Gourm    .     (no shield)
rNeg   . . .     Faith    .     b - +0 hat
rPois  .         Spirit   .     D - amulet of dismissal
rElec  .         Dismiss  +     i - ring of see invisible
rCorr  .         Reflect  .     m - ring of fire
MR     .....     Harm     .     (no ring)
Stlth  ++++++++..               (no ring)
                                (no ring)
                                (no ring)
                                (no ring)
                                (no ring)

@: wreathed by umbra
A: almost no armour, amphibious, 8 rings, constrict 8, camouflage 1, see
invisible, clumsy 1, robust 1, gelatinous body 1
a: Shadow Step, Renounce Religion


You were on level 6 of the Dungeon.
You worshipped Dithmenos.
Dithmenos was pleased with you.
You were not hungry.

You visited 1 branch of the dungeon, and saw 6 of its levels.

You collected 334 gold pieces.

Inventory:

Hand Weapons
 a - a +0 long sword
 o - a +0 falchion (weapon)
 r - a +2 dagger of venom
Missiles
 c - 2 throwing nets (quivered)
Armour
 b - a +0 hat (worn)
Jewellery
 i - a ring of see invisible (left tentacle)
 m - a ring of fire (right tentacle)
 D - an amulet of dismissal (around mantle)
Wands
 y - a wand of iceblast (5/15)
Scrolls
 e - 4 scrolls of magic mapping {unknown}
 h - a scroll of fog {unknown}
 k - a scroll of immolation {unknown}
 l - 4 scrolls of recharging
 n - 2 scrolls of teleportation {unknown}
 p - 2 scrolls of noise {unknown}
 u - 2 scrolls of remove curse {unknown}
 x - 2 scrolls of random uselessness {unknown}
 z - a scroll of amnesia {unknown}
Potions
 g - a potion of brilliance
 q - 2 potions of haste
 s - a potion of flight {unknown}
 t - a potion of agility {unknown}
 v - a potion of cancellation {unknown}
 w - a potion of might {unknown}
 A - a potion of curing
 B - a potion of cure mutation {unknown}
 C - a potion of ambrosia {unknown}
Comestibles
 d - 6 bread rations
 f - 2 meat rations
 j - a fruit


   Skills:
 - Level 2.0 Fighting
 + Level 7.7 Long Blades
 - Level 2.0 Throwing
 + Level 7.7 Dodging
 - Level 10.6 Stealth


You had 8 spell levels left.
You didn't know any spells.

Dungeon Overview and Level Annotations

Branches:
Dungeon (6/15)
 Temple: D:4-7

Altars:
Cheibriados
Dithmenos
Nemelex Xobeh
Ru


Innate Abilities, Weirdness & Mutations

You cannot wear most types of armour.
You are amphibious.
You can wear up to eight rings at the same time.
You can use your tentacles to constrict eight enemies at once.
Your skin changes colour to match your surroundings (Stealth+).
Your rubbery body absorbs attacks. (AC +1, EV +1)
You have supernaturally acute eyesight. (SInv)
You are clumsy. (Dex -2)
You are robust. (+10% HP)


Message History

You hit the orc warrior but do no damage.
The orc warrior is moderately wounded.
You constrict the orc warrior.
The orc hits you from afar with a trident!
* * * LOW HITPOINT WARNING * * *
The orc warrior struggles against the net.
The orc completely misses you.
You hit the orc warrior.
The orc warrior is heavily wounded.
You constrict the orc warrior.
The orc warrior struggles against the net.
The orc completely misses you.
You hit the orc warrior.
The orc warrior is heavily wounded.
You constrict the orc warrior, but do no damage.
The orc warrior struggles against the net.
The orc hits you from afar with a trident of freezing!
* * * LOW HITPOINT WARNING * * *
The orc freezes you.
You die... #.#. #.. .#..#.. ...... g...#.### #. ) ..o.. .. .. #. ooo

.#..# #.
#o########.#..# #
#..#@##.. .......#
.#.#..#.##.# #.....#
......).##.###.....####
.#......#..............
#.........###..[..##
#......#### #....>#
...#...## ###.#.#
.#.#.###### #...# . #.
##.).#####..##


You could see an orc warrior (caught), an orc wizard (invisible) and 3 orcs.

Vanquished Creatures
  Pikel (D:5)
  Grinder (D:3)
  Sigmund (D:5)
  Eustachio (D:5)
  Edmund (D:5)
  Menkaure (D:6)
  A black bear (D:6)
  An ogre (D:6)
  4 phantoms
  A giant frog (D:6)
  2 hounds
  A jelly (D:5)
  2 iguanas (D:4)
  4 orc wizards
  Jessica (D:2)
  Ijyb (D:3)
  6 worker ants
  6 gnolls
  11 adders
  A howler monkey skeleton (D:5)
  A shadow imp (D:6)
  An ooze (D:3)
  3 adder skeletons
  3 worms
  A dart slug (D:2)
  3 giant geckos
  14 orcs
  7 giant cockroaches
  6 goblins
  3 hobgoblins
  4 jackals (D:4)
  4 ball pythons
  3 bats
  10 giant newts
  4 kobolds
  A quokka skeleton (D:5)
  9 rats
125 creatures vanquished.

Vanquished Creatures (others)
  A giant frog zombie (D:5)
1 creature vanquished.

Grand Total: 126 creatures vanquished

Notes
Turn   | Place    | Note
-------+----------+-------------------------------------------
     0 | D:1      | McCoppin the Octopode Gladiator began the quest for the Orb.
     0 | D:1      | Reached XP level 1. HP: 14/14 MP: 1/1
    21 | D:1      | Reached skill level 1 in Stealth
   125 | D:1      | Reached skill level 2 in Stealth
   188 | D:1      | Reached XP level 2. HP: 19/19 MP: 2/2
   472 | D:1      | Reached skill level 3 in Stealth
   690 | D:2      | Reached XP level 3. HP: 24/24 MP: 3/3
   740 | D:2      | Reached skill level 4 in Stealth
   754 | D:2      | Found a shadowy altar of Dithmenos.
   811 | D:2      | Became a worshipper of Dithmenos the Shadowed
   889 | D:2      | Found a sparkling altar of Nemelex Xobeh.
   983 | D:2      | Noticed Jessica
   988 | D:2      | Killed Jessica
   988 | D:2      | Reached skill level 5 in Stealth
   988 | D:2      | Reached XP level 4. HP: 29/29 MP: 4/4
  1142 | D:3      | Gained mutation: You are clumsy. (Dex -2) [potion of mutation]
  1142 | D:3      | Gained mutation: You have supernaturally acute eyesight. (SInv) [potion of mutation]
  1142 | D:3      | Gained mutation: You are robust. (+10% HP) [potion of mutation]
  1216 | D:3      | Reached skill level 6 in Stealth
  1246 | D:3      | Reached XP level 5. HP: 4/37 MP: 5/5
  1583 | D:3      | Reached skill level 7 in Stealth
  1612 | D:3      | Found a faded altar of an unknown god.
  1624 | D:3      | Reached * piety under Dithmenos
  1813 | D:3      | Noticed Grinder
  1830 | D:3      | Killed Grinder
  1830 | D:3      | Reached skill level 9 in Stealth
  1830 | D:3      | Reached XP level 6. HP: 39/42 MP: 6/6
  1906 | D:3      | Reached XP level 7. HP: 45/49 MP: 7/7
  1917 | D:3      | Reached skill level 10 in Stealth
  2045 | D:3      | Noticed Ijyb
  2053 | D:3      | Killed Ijyb
  2349 | D:4      | Reached ** piety under Dithmenos
  3085 | D:4      | Reached XP level 8. HP: 51/55 MP: 8/8
  3441 | D:5      | Entered Level 5 of the Dungeon
  3441 | D:5      | Noticed Eustachio
  3447 | D:5      | Killed Eustachio
  3447 | D:5      | Reached skill level 5 in Long Blades
  3447 | D:5      | Reached skill level 5 in Dodging
  3721 | D:5      | Noticed Pikel
  3768 | D:5      | Found a sacrificial altar of Ru.
  3836 | D:5      | Killed Pikel
  3836 | D:5      | Reached XP level 9. HP: 47/59 MP: 9/9
  3837 | D:5      | Noticed Sigmund
  3846 | D:5      | Killed Sigmund
  4023 | D:5      | Noticed Edmund
  4037 | D:5      | Killed Edmund
  4404 | D:6      | Noticed Menkaure
  4406 | D:6      | Killed Menkaure
  4534 | D:6      | Found a snail-covered altar of Cheibriados.
  4583 | D:6      | HP: 1/59 [orc/trident of freezing (9)]
  4583 | D:6      | Slain by an orc

Vault maps used:
D:1:      shiori_shiawase
D:2:      lemuel_coloured_pillars_altar,
          nicolae_dithmenos_through_a_glass_darkly, first_bread, st_stairs_7,
          uniq_jessica
D:3:      kb_forest_paths, ecumenical_altar_2, hex_medium, uniq_iyjb,
          uniq_grinder
D:5:      nicolae_ru_sacrificial_ziggurat, uniq_sigmund, uniq_pikel,
          uniq_eustachio, uniq_edmund
D:6:      basic_altar, uniq_menkaure

Skill      XL: |  1  2  3  4  5  6  7  8  9 |
---------------+----------------------------+-----
Stealth        | 2 3 5 6 9 10 | 10.6
Long Blades    | 4 6 7 |  7.7
Dodging        | 4 6 7 |  7.7
Fighting       | |  2.0
Throwing       | |  2.0

Action                   |  1- 3 |  4- 6 |  7- 9 || total
-------------------------+-------+-------+-------++-------
Melee: Long sword        |    52 |       |       ||    52
       Constrict         |    13 |    18 |    41 ||    72
       Tentacles         |     9 |    15 |    50 ||    74
       Falchion          |     1 |     2 |   236 ||   239
       Dagger            |       |    81 |    31 ||   112
Throw: Throwing net      |       |       |     1 ||     1
  Use: Scroll            |       |     4 |       ||     4
       Potion            |       |     5 |     2 ||     7
 Stab: Sleeping          |    11 |    11 |    27 ||    49
       Distracted        |       |       |     3 ||     3
       Held in net/web   |       |       |     1 ||     1
  Eat: Chunk             |       |     3 |     1 ||     4
       Bread ration      |       |       |     1 ||     1
       Meat ration       |       |       |     1 ||     1
Armor: Skin              |     3 |    17 |       ||    20
Dodge: Dodged            |    21 |    30 |   160 ||   211
